 Dungeon Crawl Stone Soup version 0.28-a0-664-gc179e30c89 (webtiles) character file.

Game seed: 14357256138607882046

149 spiderkeys the Skirmisher (level 5, -1/47 HPs)
             Began as a Gnoll Abyssal Knight on Oct 15, 2021.
             Was a Believer of Lugonu.
             Splashed by a jelly's acid (10 damage)
             ... on level 2 of the Dungeon.
             The game lasted 00:05:15 (2424 turns).

spiderkeys the Skirmisher (Gnoll Abyssal Knight)    Turns: 2424, Time: 00:05:16

Health: -1/47      AC: -2    Str: 12    XL:     5   Next: 31%
Magic:  8/8        EV: 12    Int: 10    God:    Lugonu [**....]
Gold:   92         SH:  0    Dex: 13    Spells: 5/6 levels left

rFire   + . .      SeeInvis .   a - +1 spear
rCold   + . .      Faith    .   (no shield)
rNeg    . . .      Spirit   .   i - +2 robe {rC+ rF+}
rPois   .          Reflect  .   (no helmet)
rElec   .          Harm     .   (no cloak)
rCorr   .          Rampage  .   h - +0 pair of gloves
Will    .....                   (no boots)
Stlth   ++........              (no amulet)
HPRegen 0.15/turn               (no ring)
MPRegen 0.11/turn               (no ring)

@: corroded
A: fangs 1, strong nose, distributed training
a: Renounce Religion, Depart the Abyss, Bend Space


You were on level 2 of the Dungeon.
You worshipped Lugonu.
Lugonu was pleased with you.
You visited 1 branch of the dungeon, and saw 2 of its levels.
You visited the Abyss 1 time.

You collected 92 gold pieces.


Innate Abilities, Weirdness & Mutations

You have very sharp teeth.
Your uncanny sense of smell can sniff out nearby items.
Your experience applies equally to all skills.


   Skills:
 + Level 6.7 Fighting
 + Level 1.4 Short Blades
 + Level 1.4 Long Blades
 + Level 1.4 Axes
 + Level 1.4 Maces & Flails
 + Level 4.7 Polearms
 + Level 1.4 Staves
 + Level 1.4 Slings
 + Level 1.4 Bows
 + Level 1.4 Crossbows
 + Level 1.4 Throwing
 + Level 4.7 Armour
 + Level 2.9 Dodging
 + Level 1.4 Stealth
 + Level 1.4 Shields
 + Level 1.4 Unarmed Combat
 + Level 1.4 Spellcasting
 + Level 1.1 Conjurations
 + Level 1.1 Hexes
 + Level 1.1 Summonings
 + Level 1.1 Necromancy
 + Level 1.1 Translocations
 + Level 1.1 Transmutations
 + Level 1.1 Fire Magic
 + Level 1.1 Ice Magic
 + Level 1.1 Air Magic
 + Level 1.1 Earth Magic
 + Level 1.1 Poison Magic
 + Level 4.8 Invocations
 + Level 1.4 Evocations


You had 5 spell levels left.
You knew the following spells:

 Your Spells              Type           Power      Damage    Failure   Level
f - Foxfire               Conj/Fire      12%        2x1d4     21%         1

Your spell library contained the following spells:

 Spells                   Type           Power      Damage    Failure   Level
 Conjure Flame            Conj/Fire      3%         6-21      52%         3
 Dazzling Flash           Conj/Hex       6%         N/A       52%         3
 Inner Flame              Hex/Fire       3%         N/A       52%         3
 Flame Wave               Conj/Fire      3%         3d3       90%         4
 Agony                    Necr           3%         N/A       99%         5
 Silence                  Hex/Air        1%         N/A       99%         5

Inventory:

Hand Weapons
 a - a +1 spear (weapon)
Missiles
 d - 43 sling bullets
 e - 10 bolts
 f - 57 stones (quivered)
 g - 5 curare-tipped darts {=f}
Armour
 b - a +0 leather armour
 h - a +0 pair of gloves (worn)
   (You found it on level 1 of the Dungeon)
 i - a +2 robe of resistance (worn)
   (You took it off Jessica on level 2 of the Dungeon)
Scrolls
 c - 2 scrolls of noise {!r}
 j - a scroll of enchant weapon
 l - a scroll of teleportation {unknown}
Potions
 k - a potion of attraction {unknown}
 m - 2 potions of magic {unknown}
 n - a potion of degeneration {unknown}

Dungeon Overview and Level Annotations

Branches:
Dungeon (2/15)

Altars:
Cheibriados
Uskayaw

∆ . .... .# ∆ ...# ..
# ######## ...
##########...(..# ∆
#.####......##(.((...#
#..##.......#.#.@....#
#..'........#.#÷JP...#
#..').......#)#.÷.÷..#
#..').....#'#.#......#
#..##.....#.#.#÷.....#
#..###....#.#.#...P.P#
∆
##.#########.##...(.=#
∆
#..##################
##.......#


You could see a jelly.


Message History

An endoplasm is nearby!
You don't have any such object.
Fire/throw which item? (* to show all) (? for menu, Esc to quit)
Okay, then.
Okay, then.
You throw a stone. The stone hits the endoplasm.
You throw a stone. The stone hits the endoplasm.
You throw a stone. The stone hits the endoplasm.
You see here a +0 dagger.
You reach to attack!
You hit the endoplasm.
You kill the endoplasm!
Lugonu accepts your kill.
You have reached level 5! 😎 HP[+6] MP[+1]
You now have 47 max hp (+6).
Your hp is fully restored (47).
Your mp is fully restored (8).
The jelly quivers.
There is an open door here.
You throw a stone. The stone barely misses the jelly.
You see here a +0 dagger.
You throw a stone.
The stone hits the jelly but does no damage.
You reach to attack!
You hit the jelly. You hit the jelly.
Your hands burn!
The jelly misses you. 😕 HP[-5]
You take 5 damage, and now have 42/47 hp.
You hit the jelly.
Your hands burn!
The jelly hits you.
You are splashed with acid! 😮 HP[-10]
You take 10 damage, and now have 32/47 hp.
MASSIVE DAMAGE!! (PAUSE)
You hit the jelly.
Your hands burn!
You bite the jelly.
The jelly hits you but does no damage. 😮 HP[-2]
You take 2 damage, and now have 30/47 hp.
You hit the jelly but do no damage. The acid corrodes you!
Your hands burn! 😮 HP[-5]
You take 5 damage, and now have 25/47 hp.
You hit the jelly but do no damage.
Your hands burn!
The jelly closely misses you. 😮 HP[-1]
You take 1 damage, and now have 24/47 hp.
You hit the jelly.
You kill the jelly!
Lugonu accepts your kill.
You hit the endoplasm. The endoplasm freezes you.
You are frozen.
You resist.
You hit the endoplasm. The endoplasm closely misses you.
You barely miss the endoplasm. You hit the endoplasm but do no damage.
You bite the endoplasm.
You kill the endoplasm!
Lugonu accepts your kill. 😮 HP[+1]
You start resting.
You are no longer corroded. 😎 HP[+22]
Your hp is fully restored (47).
You start waiting.
Done waiting.
The jelly quivers.
There is an open door here.
You see here a stone.
The endoplasm quivers.
You reach to attack!
You hit the jelly but do no damage. You hit the endoplasm.
You punch the endoplasm.
You kill the endoplasm!
Lugonu accepts your kill.
You hit the jelly. The acid corrodes you!
Your hands burn!
The jelly barely misses you. 😕 HP[-4]
You take 4 damage, and now have 43/47 hp.
You hit the jelly. The acid corrodes you!
Your hands burn! 😕 HP[-2]
You take 2 damage, and now have 41/47 hp.
You hit the jelly.
Your hands burn!
You bite the jelly, but do no damage. The jelly closely misses you. 😕 HP[-3]
You take 3 damage, and now have 38/47 hp.
You hit the jelly but do no damage. The acid corrodes you!
Your hands burn!
The jelly hits you. The acid corrodes you!
You are splashed with acid! 😮 HP[-13]
You take 13 damage, and now have 25/47 hp.
MASSIVE DAMAGE!! (PAUSE)
You completely miss the jelly. The jelly hits you. The acid corrodes you!
You are splashed with acid!
* * * LOW HITPOINT WARNING * * *
😨 HP[-8]
You take 8 damage, and now have 17/47 hp.
You hit the jelly but do no damage.
Your hands burn!
* * * LOW HITPOINT WARNING * * *
You bite the jelly, but do no damage. The jelly misses you. 😨 HP[-2]
You take 2 damage, and now have 15/47 hp.
You hit the jelly but do no damage.
Your hands burn!
* * * LOW HITPOINT WARNING * * *
You bite the jelly, but do no damage. The jelly hits you.
* * * LOW HITPOINT WARNING * * *
You are splashed with acid!
You die...

Skill      XL: |  1  2  3  4 |
---------------+-------------+-----
Short Blades   | 1 |  1.4
Long Blades    | 1 |  1.4
Axes           | 1 |  1.4
Maces & Flails | 1 |  1.4
Staves         | 1 |  1.4
Slings         | 1 |  1.4
Bows           | 1 |  1.4
Crossbows      | 1 |  1.4
Throwing       | 1 |  1.4
Stealth        | 1 |  1.4
Shields        | 1 |  1.4
Unarmed Combat | 1 |  1.4
Spellcasting   | 1 |  1.4
Evocations     | 1 |  1.4
Conjurations   | 1 |  1.1
Hexes          | 1 |  1.1
Summonings     | 1 |  1.1
Necromancy     | 1 |  1.1
Translocations | 1 |  1.1
Transmutations | 1 |  1.1
Fire Magic     | 1 |  1.1
Ice Magic      | 1 |  1.1
Air Magic      | 1 |  1.1
Earth Magic    | 1 |  1.1
Poison Magic   | 1 |  1.1
Fighting       | |  6.7
Polearms       | |  4.7
Armour         | |  4.7
Dodging        | |  2.9
Invocations    | |  4.8

Action                   |  1- 3 |  4- 6 || total
-------------------------+-------+-------++-------
Melee: Spear             |   115 |    74 ||   189
       Bite              |     8 |     7 ||    15
       Punch             |       |     3 ||     3
Throw: Dart              |     3 |       ||     3
       Stone             |       |     5 ||     5
 Cast: Foxfire           |     3 |     2 ||     5
Invok: Depart the Abyss  |     1 |       ||     1
  Use: Scroll            |     2 |       ||     2
 Stab: Sleeping          |     2 |       ||     2
Armor: Leather armour    |    25 |       ||    25
       Robe              |       |    10 ||    10
Dodge: Dodged            |    54 |    21 ||    75

Levels and vault maps discovered:
D:1:      psy_arrival_whirlpool, layout_loops_ring,
          dreamdust_ecumenical_altar_drowned_temple,
          amcnicky_mini_corridor_feature, serial_bayou_pond_d,
          minmay_hexomino_r4
D:2:      cheibrodos_fertilizer, layout_basic, basic_altar, uniq_jessica,
          uniq_robin

Notes
Turn   | Place    | Note
-------+----------+-------------------------------------------
     0 | Abyss:1  | spiderkeys the Gnoll Abyssal Knight began the quest for the
                  | Orb.
     0 | Abyss:1  | Reached XP level 1. HP: 23/23 MP: 3/3
     0 | Abyss:1  | magus.rc [v1.9.10]
    17 | Abyss:2  | Found a corrupted altar of Lugonu.
    30 | Abyss:2  | Found a corrupted altar of Lugonu.
    43 | Abyss:2  | Noticed a chaos spawn
    52 | Abyss:2  | You pick up a book of Flames and begin reading...
    52 | Abyss:2  | You add the spells Foxfire, Conjure Flame, Inner Flame and
                  | Flame Wave to your library.
    60 | Abyss:2  | HP: 1/23 [chaos spawn (15)]
    63 | D:1      | You pass through the gate.
    63 | D:1      | Escaped the Abyss
   549 | D:1      | Reached * piety under Lugonu
   564 | D:1      | Reached XP level 2. HP: 20/29 MP: 5/5
   718 | D:1      | Learned a level 1 spell: Foxfire
   796 | D:1      | Found a snail-covered altar of Cheibriados.
  1026 | D:1      | Reached XP level 3. HP: 31/35 MP: 6/6
  1142 | D:1      | You pick up a book of the Senses and begin reading...
  1142 | D:1      | You add the spells Dazzling Flash, Agony and Silence to
                  | your library.
  1315 | D:1      | Found a faded altar of an unknown god.
  1527 | D:2      | Noticed Jessica
  1535 | D:2      | Reached ** piety under Lugonu
  1644 | D:2      | Killed Jessica
  1645 | D:2      | Reached skill level 1 in Short Blades
  1645 | D:2      | Reached skill level 1 in Long Blades
  1645 | D:2      | Reached skill level 1 in Axes
  1645 | D:2      | Reached skill level 1 in Maces & Flails
  1645 | D:2      | Reached skill level 1 in Staves
  1645 | D:2      | Reached skill level 1 in Slings
  1645 | D:2      | Reached skill level 1 in Bows
  1645 | D:2      | Reached skill level 1 in Crossbows
  1645 | D:2      | Reached skill level 1 in Throwing
  1645 | D:2      | Reached skill level 1 in Stealth
  1645 | D:2      | Reached skill level 1 in Shields
  1645 | D:2      | Reached skill level 1 in Unarmed Combat
  1645 | D:2      | Reached skill level 1 in Spellcasting
  1645 | D:2      | Reached skill level 1 in Evocations
  1645 | D:2      | Reached XP level 4. HP: 41/41 MP: 3/7
  1924 | D:2      | Found a hide-covered altar of Uskayaw.
  2060 | D:2      | Reached skill level 1 in Conjurations
  2060 | D:2      | Reached skill level 1 in Hexes
  2060 | D:2      | Reached skill level 1 in Summonings
  2060 | D:2      | Reached skill level 1 in Necromancy
  2060 | D:2      | Reached skill level 1 in Translocations
  2060 | D:2      | Reached skill level 1 in Transmutations
  2060 | D:2      | Reached skill level 1 in Fire Magic
  2060 | D:2      | Reached skill level 1 in Ice Magic
  2060 | D:2      | Reached skill level 1 in Air Magic
  2060 | D:2      | Reached skill level 1 in Earth Magic
  2060 | D:2      | Reached skill level 1 in Poison Magic
  2144 | D:2      | Reached XP level 5. HP: 47/47 MP: 8/8
  2424 | D:2      | HP: 9/47 [jelly (3)]
  2424 | D:2      | Splashed by a jelly's acid

Vanquished Creatures
  2 jellies (D:2)
  Jessica (D:2)
  6 bats
  12 endoplasms
  4 goblins (D:1)
  2 hobgoblins
  7 jackals
  2 quokkas (D:2)
  5 ball pythons
  5 frilled lizards (D:1)
  7 kobolds
  6 rats
  A spectral hobgoblin (D:1)
60 creatures vanquished.

Vanquished Creatures (others)
  5 foxfires (D:2)
  13 toadstools (D:2)
18 creatures vanquished.

Grand Total: 78 creatures vanquished

Table legend:
 A = Non-vault XP
 B = Vault XP
 C = Vault XP percentage of total XP
 D = Non-vault monster count
 E = Vault monster count
 F = Vault count percentage of total count
                 A         B        C        D         E       F
            +---------+---------+-------+---------+---------+-------
      Total |      60 |     153 |  71.8 |      39 |      21 |  35.0
            +---------+---------+-------+---------+---------+-------
        D:1 |      43 |       6 |  12.2 |      28 |       5 |  15.2
        D:2 |      17 |     147 |  89.6 |      11 |      16 |  59.3
            +---------+---------+-------+---------+---------+-------

Illustrated notes

Table legend:
 A = Kills in this place as a percentage of kills in entire the game.
 B = Kills by you in this place as a percentage of kills by you in the entire game.
 C = Kills by friends in this place as a percentage of kills by friends in the entire game.
 D = Other kills in this place as a percentage of other kills in the entire game.
 E = Experience gained in this place as a percentage of experience gained in the entire game.
 F = Experience gained in this place divided by the number of levels of this place that you have seen.
                   A       B       C       D       E      F
               +-------+-------+-------+-------+-------+----------------------
         Total | 100.0 | 100.0 |   N/A |   N/A | 100.0 |  53.2
       Dungeon | 100.0 | 100.0 |   N/A |   N/A | 100.0 | 106.5
               +-------+-------+-------+-------+-------+----------------------

Table legend: (Time is in decaauts)
 A = Elapsed time spent in this place.
 B = Non-inter-level travel time spent in this place.
 C = Inter-level travel time spent in this place.
 D = Time resting spent in this place.
 E = Time spent auto-exploring this place.
 F = Levels seen in this place.
 G = Mean time per level.
                   A        B        C        D        E       F      G
               +--------+--------+--------+--------+--------+-----+--------+
         Total |   2409 |   2363 |     46 |    339 |   1616 |   4 |  602.2 |
       Dungeon |   2346 |   2300 |     46 |    339 |   1610 |   2 | 1173.0 |
         Abyss |     62 |     62 |      0 |      0 |      6 |   2 |   31.0 |
               +--------+--------+--------+--------+--------+-----+--------+

Top non-repeatable levels by time:
     D:1: 1544 daAuts
     D:2: 802 daAuts
 Abyss:2: 45 daAuts
 Abyss:1: 17 daAuts
